 Dungeon Crawl Stone Soup version 0.22-a0-803-gd6d8abe (webtiles) character file.

2664 Supahsalami the Covert (level 9, -1/62 HPs)
             Began as a Vampire Necromancer on July 23, 2018.
             Slain by a wyvern zombie (10 damage)
             ... on level 8 of the Dungeon.
             The game lasted 01:18:17 (17773 turns).

Supahsalami the Covert (Vampire Necromancer)       Turns: 17773, Time: 01:18:18

Health: -1/62      AC:  8    Str:  9    XL:     9   Next: 36%
Magic:  26/26      EV: 15    Int: 18    God:
Gold:   267        SH:  0    Dex: 15    Spells: 7/19 levels left

rFire    + . .     SeeInvis +   x - +1 short sword "Seujesuh" {pierce, rF+}
rCold    + + +     Gourm    .   (no shield)
rNeg     + + +     Faith    .   N - +2 leather armour "Xeacsiur" {rC++}
rPois    ∞         Spirit   .   (no helmet)
rElec    .         Reflect  .   M - +1 cloak
rCorr    .         Harm     .   (no gloves)
MR       .....                  q - +0 pair of boots
Stlth    ++++++....             v - amulet of magic regeneration
HPRegen  0.00/turn              F - ring of magical power
MPRegen  0.45/turn              (no ring)

@: bloodless, non-regenerating
A: fangs 3, see invisible, unbreathing
a: Bat Form


You were on level 8 of the Dungeon.
You were bloodless.

You visited 2 branches of the dungeon, and saw 9 of its levels.

You collected 267 gold pieces.

Inventory:

Hand Weapons
 x - the +1 short sword "Seujesuh" (weapon) {pierce, rF+}
   (You took it off an orc wizard on level 4 of the Dungeon)

   It inflicts extra damage upon your enemies.
   It protects you from fire.
 z - a +1 dagger of freezing
 A - a +1 dagger of speed
 B - a +2 flail of protection
 L - a +0 shortbow
Missiles
 i - 163 stones
 D - 4 silver tomahawks (quivered)
 K - 13 tomahawks
Armour
 q - a +0 pair of boots (worn)
 t - a +2 pair of boots
 C - a +0 buckler
 M - a +1 cloak (worn)
 N - the +2 leather armour "Xeacsiur" (worn) {rC++}
   (You found it on level 7 of the Dungeon)

   It greatly protects you from cold.
Jewellery
 v - an amulet of magic regeneration (around neck)
 F - a ring of magical power (left hand)
Wands
 g - a wand of enslavement (13)
 p - a wand of random effects (31)
 w - a wand of polymorph (11)
Scrolls
 a - a scroll of fear {unknown}
 d - a scroll of vulnerability {unknown}
 e - 4 scrolls of identify
 j - a scroll of amnesia {unknown}
 k - a scroll of blinking {unknown}
 l - 4 scrolls of fog
 m - 3 scrolls of magic mapping
 n - 4 scrolls of remove curse
 o - a scroll of immolation {unknown}
 r - 2 scrolls of random uselessness {unknown}
 s - a scroll of enchant weapon {unknown}
 y - a scroll of silence {unknown}
 E - a scroll of teleportation {unknown}
Potions
 b - a potion of flight {unknown}
 c - 17 potions of blood
 f - 2 potions of brilliance
 h - 11 potions of curing
 u - 4 potions of might
 G - a potion of cancellation {unknown}
 I - a potion of heal wounds {unknown}
 J - a potion of berserk rage {unknown}


   Skills:
 + Level 2.9 Fighting
 + Level 3.7 Short Blades
 + Level 6.7 Dodging
 + Level 9.6 Stealth
 + Level 5.6 Spellcasting
 + Level 7.9 Necromancy


You had 7 spell levels left.
You knew the following spells:

 Your Spells              Type           Power        Failure   Level  Hunger
a - Pain                  Necr           ####         1%          1    None
b - Animate Skeleton      Necr           N/A          1%          1    None
c - Vampiric Draining     Necr           ####......   1%          3    ##.....
d - Regeneration          Chrm/Necr      ###.......   11%         3    ##.....
e - Animate Dead          Necr           N/A          7%          4    ####...

Your spell library contained the following spells:

 Spells                   Type           Power        Failure   Level  Hunger


Dungeon Overview and Level Annotations

Branches:
Dungeon (8/15)             Temple (1/1) D:6
   Lair: D:8-11

Altars:
Ashenzari
Cheibriados
Dithmenos
Elyvilon
Gozag
Hepliaklqana
Makhleb
Nemelex Xobeh
Okawaru
Qazlal
Ru
Sif Muna
Trog
Uskayaw
Vehumet
Wu Jian
Yredelemnul
Zin
The Shining One

Annotations:
D:4 Sigmund


Innate Abilities, Weirdness & Mutations

You do not heal naturally.
You are immune to poison.
You have razor-sharp teeth.
You have supernaturally acute eyesight. (SInv)
You can survive without breathing.


Message History

The wyvern zombie is heavily damaged.
The wyvern zombie bites you!
* * * LOW HITPOINT WARNING * * *
You completely miss the wyvern zombie.
The wyvern zombie is heavily damaged.
Your orc wizard skeleton hits the wyvern zombie but does no damage.
The wyvern zombie bites you!
* * * LOW HITPOINT WARNING * * *
Your orc wizard skeleton hits the wyvern zombie but does no damage.
Your orc skeleton hits the wyvern zombie but does no damage.
The wyvern zombie closely misses you.
Your orc skeleton hits the wyvern zombie with a mace!
Found a metal-bound book.
The wyvern zombie barely misses you.
The wyvern zombie bites you but does no damage.
A hound comes into view.
You see here a book of Air.
The wyvern zombie barely misses you. The wyvern zombie bites you!
You die...

##### #.. ... ... # #.###
## #######.. .#
##.##.#.####..:.##.#
#.##...##.###.ZZZ.#h#.#
.#...8...#......@## #.#
#..#...#..#.....#.# #.#
..#..8).#....#.#### #†#
.#.......#..#.#.# #.###
##.##.##.############...#
###...### #.....)...#
##.## ##.######<..#
####...####...# #...#
.....#........# #.### #_#


You could see a wyvern zombie, a friendly orc skeleton and a friendly orc wizard
skeleton.

Vanquished Creatures
  3 yaks (D:7)
  Edmund (D:5)
  A phantom (D:8)
  An ice beast (D:7)
  2 sky beasts
  3 orc warriors
  A black bear (D:7)
  An ogre (D:6)
  An eye of draining (D:4)
  3 scorpions
  A howler monkey (D:5)
  2 crimson imps
  3 hounds
  7 orc wizards
  8 orc priests
  An iguana (D:6)
  3 worker ants
  12 adders
  4 gnolls
  3 shadow imps
  3 oozes
  An adder skeleton (D:4)
  An adder zombie (D:3)
  3 worms
  3 dart slugs
  3 leopard geckos
  40 orcs
  9 bats
  5 giant cockroaches
  3 goblins
  10 hobgoblins
  13 jackals
  A ball python (D:2)
  5 frilled lizards
  10 kobolds
  A leopard gecko skeleton (D:4)
  A quokka skeleton (D:4)
  6 rats
  4 fungi (D:5)
183 creatures vanquished.

Vanquished Creatures (collateral kills)
  A gnoll (D:2)
  A kobold (D:3)
2 creatures vanquished.

Grand Total: 185 creatures vanquished

Notes
Turn   | Place    | Note
-------+----------+-------------------------------------------
     0 | D:1      | Supahsalami the Vampire Necromancer began the quest for the Orb.
     0 | D:1      | Reached XP level 1. HP: 13/13 MP: 3/3
   296 | D:1      | Reached XP level 2. HP: 19/19 MP: 5/5
   368 | D:1      | Learned a level 1 spell: Animate Skeleton
  1698 | D:2      | Reached XP level 3. HP: 21/24 MP: 2/6
  1862 | D:2      | Reached skill level 4 in Stealth
  2615 | D:2      | Reached XP level 4. HP: 30/30 MP: 7/7
  3517 | D:1      | Learned a level 3 spell: Vampiric Draining
  3521 | D:1      | Learned a level 3 spell: Regeneration
  3684 | D:2      | Reached skill level 5 in Necromancy
  4448 | D:3      | Reached XP level 5. HP: 33/35 MP: 5/9
  4698 | D:3      | Reached skill level 5 in Stealth
  8016 | D:4      | Reached XP level 6. HP: 39/41 MP: 0/11
  8135 | D:4      | Got a smoking short sword {pierce}
  8305 | D:3      | Identified the cursed +1 short sword "Seujesuh" {pierce, rF+} (You took it off an orc wizard on level 4 of the Dungeon)
  8741 | D:4      | Reached skill level 6 in Stealth
  8750 | D:4      | Learned a level 4 spell: Animate Dead
  8882 | D:4      | Noticed Sigmund
  9256 | D:4      | Found a bloodstained altar of Trog.
  9713 | D:5      | Entered Level 5 of the Dungeon
  9730 | D:5      | Reached XP level 7. HP: 45/46 MP: 1/12
 10051 | D:5      | HP: 1/46 [orc wizard/magic dart (8)]
 10802 | D:5      | Reached skill level 7 in Stealth
 10945 | D:5      | Reached skill level 5 in Dodging
 11523 | D:5      | Noticed Edmund
 12372 | D:5      | Killed Edmund
 12372 | D:5      | Reached XP level 8. HP: 17/52 MP: 10/14
 13347 | D:6      | Reached skill level 8 in Stealth
 13403 | D:6      | Noticed a two-headed ogre
 13532 | D:6      | Found a staircase to the Ecumenical Temple.
 13541 | Temple   | Entered the Ecumenical Temple
 14753 | D:6      | Reached skill level 1 in Short Blades
 15068 | D:6      | Reached skill level 1 in Fighting
 16426 | D:7      | Reached skill level 5 in Spellcasting
 16765 | D:7      | Reached skill level 9 in Stealth
 16864 | D:7      | Found a radiant altar of Vehumet.
 16993 | D:7      | Got a sapphire-encrusted leather armour
 17021 | D:7      | Identified the +2 leather armour "Xeacsiur" {rC++} (You found it on level 7 of the Dungeon)
 17209 | D:7      | Reached XP level 9. HP: 58/61 MP: 5/16
 17653 | D:8      | Found a glowing golden altar of the Shining One.
 17773 | D:8      | Slain by a wyvern zombie

Vault maps used:
D:1:      tarquinn_simple_flora_water_b
D:3:      kennysheep_cluttered_room, minmay_three_crescents
D:4:      trog_eyes_of_draining, first_ration, small_statue_intersection,
          minmay_fountain_box, uniq_sigmund
D:5:      water_boxes_lemuel, uniq_edmund
D:6:      minmay_temple_entry_purple_smoke
D:7:      basic_altar
D:8:      wad_crossroads, nicolae_overflow_hidden_temple, uniq_joseph
Temple:   minmay_temple_bridge_d

Skill      XL: |  1  2  3  4  5  6  7  8  9 |
---------------+----------------------------+-----
Stealth        | 4 5 6 7 9 |  9.6
Dodging        | 3 4 5 6 |  6.7
Necromancy     | 5 6 7 |  7.9
Spellcasting   | 3 4 5 |  5.6
Short Blades   | 2 3 |  3.7
Fighting       | 2 |  2.9

Action                   |  1- 3 |  4- 6 |  7- 9 || total
-------------------------+-------+-------+-------++-------
Melee: Dagger            |    44 |    67 |       ||   111
       Whip              |     3 |       |       ||     3
       Bite              |     2 |    13 |    16 ||    31
       Short sword       |       |    28 |   168 ||   196
       Unarmed           |       |       |    10 ||    10
       Flail             |       |       |     1 ||     1
Throw: Stone             |       |     8 |     2 ||    10
       Tomahawk          |       |       |    11 ||    11
 Cast: Pain              |    44 |   108 |    83 ||   235
       Animate Skeleton  |     2 |     8 |     8 ||    18
       Vampiric Draining |       |    39 |    68 ||   107
       Regeneration      |       |     2 |     1 ||     3
       Animate Dead      |       |       |     1 ||     1
 Abil: End Transformatio |       |       |    12 ||    12
       Bat Form          |       |       |    12 ||    12
Evoke: Wand              |       |       |     4 ||     4
  Use: Potion            |     2 |    10 |    11 ||    23
       Scroll            |       |     5 |     3 ||     8
 Stab: Sleeping          |    13 |    10 |    13 ||    36
       Distracted        |     1 |       |       ||     1
Armor: Robe              |    12 |    25 |     5 ||    42
       Ring mail         |       |       |    11 ||    11
       Leather armour    |       |       |    19 ||    19
Dodge: Dodged            |    51 |   131 |   179 ||   361

Table legend:
 A = Spawn XP
 B = Non-spawn XP
 C = Spawn XP percentage of total XP
 D = Spawn monster count
 E = Non-spawn monster count
 F = Spawn count percentage of total count
 G = Total turns spent on level
                    A         B        C        D         E        F      G
               +---------+---------+-------+---------+---------+-------+---------
         Total |       0 |    3807 |   0.0 |       0 |     181 |   0.0 | 17773
               +---------+---------+-------+---------+---------+-------+---------
           D:1 |       0 |      34 |   0.0 |       0 |      19 |   0.0 |  1761
           D:2 |       0 |     148 |   0.0 |       0 |      31 |   0.0 |  2929
           D:3 |       0 |     133 |   0.0 |       0 |      29 |   0.0 |  3222
           D:4 |       0 |     437 |   0.0 |       0 |      34 |   0.0 |  3239
           D:5 |       0 |     727 |   0.0 |       0 |      28 |   0.0 |  3185
           D:6 |       0 |     609 |   0.0 |       0 |      12 |   0.0 |  1580
           D:7 |       0 |    1364 |   0.0 |       0 |      21 |   0.0 |  1220
           D:8 |       0 |     355 |   0.0 |       0 |       7 |   0.0 |   226
               +---------+---------+-------+---------+---------+-------+---------
